 Dungeon Crawl Stone Soup version 0.25-a0-479-g8579842fd4 (webtiles) character file.

Game seed: 13764159906147047677, levelgen mode: deterministic

935 Kohma the Chopper (level 7, -1/66 HPs)
             Began as a Minotaur Berserker on Feb 9, 2020.
             Was a Priest of Trog.
             Slain by a killer bee (2 damage)
             ... on level 5 of the Dungeon.
             The game lasted 00:07:25 (3539 turns).

Kohma the Chopper (Minotaur Berserker)              Turns: 3539, Time: 00:07:25

Health: -1/66      AC: 11    Str: 23    XL:     7   Next: 87%
Magic:  6/6        EV:  9    Int:  4    God:    Trog [***...]
Gold:   241        SH:  0    Dex: 10    Spells: 6/6 levels left

rFire    . . .     SeeInvis .   k - +2 whip (venom)
rCold    . . .     Gourm    .   (no shield)
rNeg     . . .     Faith    .   o - +0 chain mail
rPois    .         Spirit   .   (helmet restricted)
rElec    .         Reflect  .   (no cloak)
rCorr    .         Harm     .   n - +0 pair of gloves
MR       .....                  (no boots)
Stlth    ..........             (no amulet)
HPRegen  0.21/turn              (no ring)
MPRegen  0.10/turn              (no ring)

@: lethally poisoned (-1 -> -7), flying, hasted, very quick
A: retaliatory headbutt, horns 2
a: Berserk, Trog's Hand, Renounce Religion


You were on level 5 of the Dungeon.
You worshipped Trog.
Trog was most pleased with you.
You were not hungry.

You visited 1 branch of the dungeon, and saw 5 of its levels.

You collected 241 gold pieces.

Inventory:

Hand Weapons
 a - a +0 hand axe
 k - a +2 whip of venom (weapon)
 t - the cursed +0 dagger "Quliteh" {vorpal, +Fly rElec rF+, unknown}
   (You found it on level 4 of the Dungeon)

   It inflicts extra damage upon your enemies.
   It protects you from fire.
   It insulates you from electricity.
   It lets you fly.
   It has a curse placed upon it.
 x - the cursed +1 trident "Lifebane" {flame, rC- Dex+5 SInv, unknown}
   (You found it on level 4 of the Dungeon)

   It has been specially enchanted to burn those struck by it, causing extra
   injury to most foes and up to half again as much damage against particularly
   susceptible opponents.
   It affects your dexterity (+5).
   It makes you vulnerable to cold.
   It lets you see invisible.
   It has a curse placed upon it.
 y - the +5 trident of Meip {holy, +Rage Int+4, unknown}
   (You found it on level 4 of the Dungeon)

   It has been blessed by the Shining One to cause great damage to the undead
   and demons.
   It affects your intelligence (+4).
   It lets you go berserk.
Missiles
 j - 3 curare-tipped darts (quivered)
Armour
 n - a +0 pair of gloves (worn)
 o - a +0 chain mail (worn)
 p - a +0 cloak
Jewellery
 d - a cursed ring of attention {unknown}
 g - an uncursed amulet of faith {unknown}
 m - an uncursed ring of poison resistance {unknown}
 v - an uncursed ring of wizardry {unknown}
 z - an uncursed ring of poison resistance {unknown}
Wands
 q - a wand of digging (7)
Scrolls
 f - 10 scrolls of remove curse {unknown}
 h - 2 scrolls of identify {unknown}
 l - 7 scrolls of teleportation {unknown}
 r - a scroll of fear {unknown}
 u - a scroll of enchant weapon {unknown}
Potions
 b - a potion of brilliance {unknown}
 e - a potion of heal wounds {unknown}
 i - a potion of cancellation {unknown}
 s - a potion of flight
 A - a potion of haste
Comestibles
 c - 6 rations
 w - 9 chunks of flesh


   Skills:
 + Level 7.2 Fighting
 + Level 7.2 Axes
 + Level 6.6 Armour
 - Level 2.1 Dodging


You had 6 spell levels left.
You didn't know any spells.
Your spell library was empty.

Dungeon Overview and Level Annotations

Branches:
Dungeon (5/15)
 Temple: D:4-7

Altars:


Innate Abilities, Weirdness & Mutations

You reflexively headbutt those who attack you in melee.
You have a pair of horns on your head.


Message History

The killer bee stings you but does no damage. x2
The killer bee closely misses you. x2
It was a potion of flight.
You feel very buoyant.
You fly up into the air.
You feel sick.
The killer bee stings you but does no damage.
The killer bee closely misses you. x2; The killer bee misses you.
The killer bee stings you!
* * * LOW HITPOINT WARNING * * *
You are more poisoned.
The killer bee poisons you! The killer bee closely misses you.
The killer bee stings you.
* * * LOW HITPOINT WARNING * * *
The killer bee stings you but does no damage.
It was a potion of haste.
You feel yourself speed up.
* * * LOW HITPOINT WARNING * * *
You feel sick. The killer bee stings you.
* * * LOW HITPOINT WARNING * * *
The killer bee stings you.
You die...

## #.#####$.
........### #
.....#..#<###.#.#
.......#..#)[)....#
..........#y###.###
.........yy@.##.#
..........yy....#
.............##.#
Y..[.$.##.###.....
.......##.###......
...................
.............#...##
#######......#...#
###..#.....#


You could see 5 killer bees.

Vanquished Creatures
  Sigmund (D:3)
  2 ogres (D:4)
  A scorpion (D:4)
  A howler monkey (D:5)
  2 centaur skeletons
  3 hounds
  A bullfrog skeleton (D:3)
  Jessica (D:2)
  Ijyb (D:3)
  Terence (D:2)
  An iguana (D:5)
  2 orc wizards
  2 worker ants
  6 adders
  3 worms
  3 dart slugs
  2 leopard geckos
  10 orcs
  2 ball pythons
  3 giant cockroaches
  3 hobgoblins
  6 jackals
  8 kobolds
  2 quokkas
  6 bats
  3 frilled lizards (D:1)
  6 goblins
  A quokka skeleton (D:4)
  7 rats
90 creatures vanquished.

Notes
Turn   | Place    | Note
-------+----------+-------------------------------------------
     0 | D:1      | Kohma the Minotaur Berserker began the quest for the Orb.
     0 | D:1      | Reached XP level 1. HP: 19/19 MP: 0/0
   457 | D:1      | Reached XP level 2. HP: 26/27 MP: 1/1
   944 | D:2      | Reached ** piety under Trog
   991 | D:2      | Noticed Jessica
   998 | D:2      | Killed Jessica
   998 | D:2      | Reached XP level 3. HP: 32/34 MP: 2/2
  1359 | D:2      | Reached XP level 4. HP: 41/41 MP: 3/3
  1403 | D:2      | Noticed Terence
  1412 | D:2      | Killed Terence
  1646 | D:3      | Reached XP level 5. HP: 46/47 MP: 4/4
  1648 | D:3      | Reached skill level 5 in Axes
  1662 | D:3      | Reached skill level 5 in Fighting
  1802 | D:3      | Noticed Sigmund
  1825 | D:3      | Killed Sigmund
  1825 | D:3      | Reached skill level 5 in Armour
  1825 | D:3      | Reached XP level 6. HP: 39/57 MP: 5/5
  1976 | D:3      | Noticed Ijyb
  1990 | D:3      | Killed Ijyb
  1990 | D:3      | Reached *** piety under Trog
  2234 | D:4      | Got a brightly glowing dagger
  2576 | D:4      | Got a dazzling trident
  2671 | D:4      | Got a translucent trident
  2676 | D:4      | Reached XP level 7. HP: 56/63 MP: 6/6
  3398 | D:5      | Entered Level 5 of the Dungeon
  3539 | D:5      | HP: 1/66 [killer bee (4)]
  3539 | D:5      | Slain by a killer bee

Levels and vault maps discovered:
D:1:      matt_arrival_refuge, layout_rooms
D:2:      layout_loops_cross, first_ration, bh_walls_and_bars, uniq_terence,
          uniq_jessica
D:3:      layout_rooms, uniq_ijyb, uniq_sigmund
D:4:      layout_layer_cave, serial_co_window_serial, co_window_corner_a,
          co_window_paths_a, co_window_of_opportunity_a, co_window_corner_a,
          co_window_of_opportunity_a, co_window_corner_b, co_window_cross_2,
          co_window_2corner, co_window_corner_cb, co_window_corner_b,
          co_window_4corner_b, co_window_sun, glass_columns_c, glass_columns_b,
          glass_columns_c, glass_columns_b, glass_columns_a
D:5:      layout_basic, uniq_crazy_yiuf_cottage

Skill      XL: |  1  2  3  4  5  6  7 |
---------------+----------------------+-----
Fighting       | 4 5 6 7 |  7.2
Axes           | 4 5 6 7 |  7.2
Armour         | 3 4 5 6 |  6.6
Dodging        | |  2.1

Action                   |  1- 3 |  4- 6 |  7- 9 || total
-------------------------+-------+-------+-------++-------
Melee: Dagger            |    18 |       |       ||    18
       Hand axe          |     7 |       |       ||     7
       Headbutt          |     9 |    23 |    12 ||    44
       Whip              |    33 |   112 |    72 ||   217
Invok: Trog's Hand       |       |     1 |       ||     1
  Use: Potion            |       |       |     2 ||     2
  Eat: Chunk             |     1 |     5 |     3 ||     9
Armor: Animal skin       |     9 |       |       ||     9
       Chain mail        |    11 |    57 |    53 ||   121
Dodge: Dodged            |    35 |    45 |    49 ||   129

Table legend:
 A = Non-vault XP
 B = Vault XP
 C = Vault XP percentage of total XP
 D = Non-vault monster count
 E = Vault monster count
 F = Vault count percentage of total count
                 A         B        C        D         E       F
            +---------+---------+-------+---------+---------+-------
      Total |    1007 |     329 |  24.6 |      86 |       4 |   4.4
            +---------+---------+-------+---------+---------+-------
        D:1 |      31 |       0 |   0.0 |      21 |       0 |   0.0
        D:2 |      31 |      73 |  70.2 |      10 |       2 |  16.7
        D:3 |     205 |     256 |  55.5 |      31 |       2 |   6.1
        D:4 |     418 |       0 |   0.0 |      12 |       0 |   0.0
        D:5 |     322 |       0 |   0.0 |      12 |       0 |   0.0
            +---------+---------+-------+---------+---------+-------
